 Dungeon Crawl Stone Soup version 0.31-a0-1616-gbeaec30b81 (webtiles) character file.

Game seed: 10105611472574268248

2620 shadizar the Carver (level 9, -10/106 HPs)
             Began as a Gnoll Wanderer on Jan 10, 2024.
             Was a Follower of Okawaru.
             Mangled by Joseph
             ... wielding a +0 quarterstaff
              (22 damage)
             ... on level 7 of the Dungeon.
             The game lasted 00:17:35 (7158 turns).

shadizar the Carver (Gnoll Wanderer)                Turns: 7158, Time: 00:17:36

Health: -10/106    AC:  0    Str: 13    XL:     9   Next: 60%
Magic:  17/17      EV: 16    Int: 12    God:    Okawaru [*.....]
Gold:   464        SH:  0    Dex: 14    Spells: 17/18 levels left

rFire   . . .        E - melded +2 trident (vamp)
rCold   . . .        b - melded +0 buckler
rNeg    . . .        J - melded +3 leather armour {rPois}
rPois   .            (helmet currently unavailable)
rElec   .            y - melded +0 cloak
rCorr   .            c - melded +1 pair of gloves {infuse}
SInv    .            (boots currently unavailable)
Will    .....        B - amulet of regeneration Stlth
                     u - melded ring of protection from fire
HPRegen 1.17/turn    v - melded ring of poison resistance
MPRegen 0.15/turn

%: no passive effects
@: berserking (expiring), pig-form, studying 2 skills, very quick
A: fast, no casting, small, (fangs 1), strong nose, distributed training
a: Renounce Religion, Heroism


You were on level 7 of the Dungeon.
You worshipped Okawaru.
Okawaru was aware of your devotion.
You were a filthy swine.
You visited 2 branches of the dungeon, and saw 8 of its levels.
You also visited: Sewer.

You collected 464 gold pieces.

Inventory:

Hand Weapons
 a - a +1 falchion
 q - a +1 heavy scythe
 w - a +0 war axe
 x - a +1 hand axe of distortion
 A - a +2 dagger of venom
 E - a +2 vampiric trident (melded)
 I - a +5 dire flail of draining
Armour
 b - a +0 buckler (melded)
 c - a +1 pair of gloves of infusion (melded)
 r - a +1 robe of cold resistance
 y - a +0 cloak (melded)
 G - a +2 robe of positive energy
 J - a +3 leather armour of poison resistance (melded)
Jewellery
 d - a ring of magical power
 u - a ring of protection from fire (melded)
 v - a ring of poison resistance (melded)
 B - an amulet of regeneration (around neck)
 H - a ring of protection from fire
Wands
 j - a wand of flame (13)
 k - a wand of iceblast (1)
 D - a wand of mindburst (8)
Scrolls
 m - 3 scrolls of revelation
 p - 2 scrolls of blinking
 s - a scroll of enchant weapon
Potions
 e - a potion of attraction
 h - a potion of resistance
 i - a potion of lignification {unknown}
 l - 5 potions of enlightenment
 o - 2 potions of berserk rage
 z - a potion of curing {unknown}


   Skills:
 + Level 6.5 Fighting
 + Level 4.7 Short Blades
 + Level 8.1 Long Blades
 + Level 4.5 Axes
 + Level 4.5 Maces & Flails
 + Level 4.5 Polearms
 + Level 4.5 Staves
 + Level 4.5 Ranged Weapons
 + Level 4.5 Throwing
 + Level 4.5 Armour
 + Level 5.3 Dodging
 + Level 4.5 Stealth
 + Level 5.3 Shields
 + Level 4.5 Unarmed Combat
 + Level 5.4 Spellcasting
 + Level 3.8 Conjurations
 + Level 5.4 Hexes
 + Level 3.8 Summonings
 + Level 3.8 Necromancy
 + Level 3.8 Translocations
 + Level 3.8 Fire Magic
 + Level 3.8 Ice Magic
 + Level 3.8 Air Magic
 + Level 3.8 Earth Magic
 + Level 3.8 Alchemy
 + Level 5.0 Invocations
 + Level 4.5 Evocations
 + Level 4.1 Shapeshifting


You had 17 spell levels left.
You knew the following spells:

 Your Spells              Type           Power      Damage    Failure   Level
a - Slow                  Hex            64%        N/A       1%          1

Your spell library contained the following spells:

 Spells                   Type           Power      Damage    Failure   Level
 Jinxbite                 Hex            32%        N/A       3%          2
 Apportation              Tloc           24%        N/A       4%          1
 Freeze                   Ice            48%        1d6       4%          1
 Cigotuvi's Dreadful Rot  Necr/Alch/Air  24%        N/A       6%          2
 Sigil of Binding         Hex            16%        N/A       6%          3
 Dazzling Flash           Conj/Hex       28%        N/A       9%          3
 Frozen Ramparts          Ice            24%        1d4       12%         3
 Hailstorm                Conj/Ice       12%        3d6       12%         3
 Dispel Undead            Necr           12%        3d9       38%         4
 Alistair's Intoxication  Alch           8%         N/A       75%         5
 Martyr's Knell           Necr/Summ      Unusable   N/A       N/A         4
 Death Channel            Necr           Unusable   N/A       N/A         6

Dungeon Overview and Level Annotations

Branches:
Dungeon (7/15)             Temple (1/1) D:4           Sewer (visited)

Altars:
Ashenzari
Dithmenos
Fedhas
Gozag
Makhleb
Nemelex Xobeh
Okawaru
Qazlal
Ru
Sif Muna
Trog
Vehumet
Wu Jian
Xom
Yredelemnul
Zin
The Shining One

Shops:
D:2 (   D:4 :

Annotations:
D:4 Pikel
D:7 Joseph


Innate Abilities, Weirdness & Mutations

You are a filthy swine.
You move quickly.
Your equipment is almost entirely melded.
You are incapable of wielding weapons or throwing items.
You cannot cast spells.
((You have very sharp teeth.))
Your uncanny sense of smell can sniff out nearby items.
Your experience applies equally to all skills.


Message History

Okay, then.
It was a potion of berserk rage.
A red film seems to cover your vision as you go berserk!
You feel yourself moving faster!
You feel mighty! Joseph hits you with a +0 quarterstaff!
* * * LOW HITPOINT WARNING * * *
You hit Joseph but do no damage.
Joseph is moderately wounded.
Joseph completely misses you.
You barely miss Joseph.
Joseph is moderately wounded.
Joseph hits you with a +0 quarterstaff!
* * * LOW HITPOINT WARNING * * *
You bite Joseph!
Joseph is moderately wounded.
You are too berserk!
You barely miss Joseph.
Joseph is moderately wounded.
Joseph closely misses you.
You bite Joseph!
Joseph is heavily wounded.
Okay, then.
You bite Joseph!
Joseph is severely wounded.
Joseph says, "You will never get the ORB, sorry."
Joseph barely misses you.
You hit Joseph.
Joseph is severely wounded.
Joseph closely misses you.
You hit Joseph.
Joseph is severely wounded.
You hit Joseph.
Joseph is severely wounded.
Joseph closely misses you.
You bite Joseph!
Joseph is almost dead.
You hit Joseph but do no damage.
Joseph is almost dead.
Joseph hits you with a +0 quarterstaff!!
You die...

#..............##..##'#######
#...........................#
#................(..........#
#...........................#
########.########..#######'##
###.########..#......... .
#...#......^..+.......?. ...
#...#..@......#.........
.....#'#####h#######.........
.........................####.
.#+###...................+ +.
#...................# #.
#...................# #.
###+#######.....######
#.....'....# #.....#....#
#.....#....#...


You could see Joseph.

Vanquished Creatures
  Jeremiah (D:6)
  The ghost of shadizar the Trooper, a novice GrFi of Okawaru (D:4)
  Sigmund (D:2)
  Edmund (D:6)
  2 water moccasins
  3 ice beasts
  A black bear (D:5)
  2 ogres
  A phantom (D:6)
  3 lemures
  3 bullfrogs
  Blork the orc (D:4)
  2 scorpions
  2 hounds
  A bombardier beetle (D:5)
  An orc priest (D:6)
  2 orc wizards (D:4)
  3 iguanas
  A sleepcap (D:6)
  10 adders
  7 gnolls (D:6)
  A river rat (D:3)
  A shadow imp (D:5)
  A white imp (D:6)
  2 ufetubi (D:4)
  10 dart slugs
  17 orcs
  8 bats
  16 endoplasms
  18 giant cockroaches
  8 goblins
  7 hobgoblins
  3 jackals (D:2)
  5 quokkas
  11 ball pythons
  14 frilled lizards
  6 kobolds
  5 rats
182 creatures vanquished.

Notes
Turn   | Place    | Note
-------+----------+-------------------------------------------
     0 | D:1      | shadizar the Gnoll Wanderer began the quest for the Orb.
     0 | D:1      | shadizar set off with the following items: a +0 falchion, a
                  | +0 buckler, a potion of heal wounds, a +0 robe; and the
                  | following spell memorised: Slow; and the following spells
                  | available to memorise: Sigil of Binding, Dazzling Flash.
     0 | D:1      | Reached XP level 1. HP: 20/20 MP: 4/4
   233 | D:1      | Reached XP level 2. HP: 20/26 MP: 5/5
   827 | D:2      | Reached XP level 3. HP: 31/31 MP: 7/7
   882 | D:2      | Noticed Sigmund
   885 | D:2      | Killed Sigmund
   886 | D:2      | Reached skill level 1 in Short Blades
   886 | D:2      | Reached skill level 1 in Axes
   886 | D:2      | Reached skill level 1 in Maces & Flails
   886 | D:2      | Reached skill level 1 in Polearms
   886 | D:2      | Reached skill level 1 in Staves
   886 | D:2      | Reached skill level 1 in Ranged Weapons
   886 | D:2      | Reached skill level 1 in Throwing
   886 | D:2      | Reached skill level 1 in Armour
   886 | D:2      | Reached skill level 1 in Stealth
   886 | D:2      | Reached skill level 1 in Unarmed Combat
   886 | D:2      | Reached skill level 1 in Conjurations
   886 | D:2      | Reached skill level 1 in Summonings
   886 | D:2      | Reached skill level 1 in Necromancy
   886 | D:2      | Reached skill level 1 in Translocations
   886 | D:2      | Reached skill level 1 in Fire Magic
   886 | D:2      | Reached skill level 1 in Ice Magic
   886 | D:2      | Reached skill level 1 in Air Magic
   886 | D:2      | Reached skill level 1 in Earth Magic
   886 | D:2      | Reached skill level 1 in Alchemy
   886 | D:2      | Reached skill level 1 in Invocations
   886 | D:2      | Reached skill level 1 in Evocations
   886 | D:2      | Reached skill level 1 in Shapeshifting
   886 | D:2      | Reached XP level 4. HP: 38/38 MP: 8/8
   886 | D:2      | Reached XP level 5. HP: 43/43 MP: 9/9
  1229 | D:2      | Found Diqienk's Weapon Shoppe.
  1559 | D:3      | Found a glowing drain.
  1614 | Sewer    | Entered a sewer
  1811 | Sewer    | Reached XP level 6. HP: 50/50 MP: 11/11
  2126 | Sewer    | Reached skill level 5 in Fighting
  2963 | D:3      | Found a burning altar of Makhleb.
  3062 | D:3      | Reached skill level 7 in Long Blades
  3062 | D:3      | Reached XP level 7. HP: 44/56 MP: 12/12
  3447 | D:4      | Noticed Blork the orc
  3453 | D:4      | Killed Blork the orc
  3668 | D:4      | Found a sacrificial altar of Ru.
  3794 | D:4      | Found a runed translucent door.
  3797 | D:4      | Noticed shadizar's ghost (novice GrFi)
  3807 | D:4      | Killed shadizar's ghost
  3808 | D:4      | Reached XP level 8. HP: 53/63 MP: 14/14
  3882 | D:4      | Noticed Pikel
  4049 | D:4      | Found a staircase to the Ecumenical Temple.
  4091 | Temple   | Entered the Ecumenical Temple
  4102 | Temple   | Became a worshipper of Warmaster Okawaru
  4382 | D:4      | Found Wihuqiet's Tremendous Tomes.
  4671 | D:5      | Entered Level 5 of the Dungeon
  5471 | D:5      | Found a broken altar of Ashenzari.
  5472 | D:5      | Found a shimmering blue altar of Sif Muna.
  5893 | D:6      | Reached skill level 5 in Hexes
  5943 | D:6      | Reached * piety under Okawaru
  5944 | D:6      | Reached XP level 9. HP: 69/69 MP: 10/16
  6070 | D:6      | Reached skill level 5 in Spellcasting
  6135 | D:6      | Found a basalt altar of Yredelemnul.
  6135 | D:6      | Found a sparkling altar of Nemelex Xobeh.
  6253 | D:6      | Noticed Jeremiah
  6280 | D:6      | Killed Jeremiah
  6281 | D:6      | Reached skill level 5 in Dodging
  6281 | D:6      | Reached skill level 5 in Shields
  6480 | D:6      | Reached skill level 8 in Long Blades
  6875 | D:6      | Noticed Edmund
  6880 | D:6      | Killed Edmund
  7013 | D:7      | Reached skill level 5 in Invocations
  7134 | D:7      | Noticed Joseph
  7158 | D:7      | Mangled by Joseph

Illustrated notes

Levels and vault maps discovered:
D:1:      lightli_arrival_statuegarden, layout_loops_ring
D:2:      layout_loops_corners, serial_glass, glass_columns_a, glass_columns_a,
          glass_columns_c, glass_columns_c, glass_columns_c, glass_columns_b,
          serial_shops, shop, dreamdust_wishing_well, uniq_sigmund
D:3:      layout_basic, lemuel_tele_altar, cheibrodos_sewer_entry_sluice,
          minmay_ruptured
D:4:      layout_loops_ring, nicolae_ru_awakened_eye, minmay_temple_entry_waves,
          ebering_ghost_sewer_d, nicolae_shop_i_like_big_books, uniq_pikel,
          uniq_blork_the_orc
D:5:      layout_basic, gammafunk_temple_overflow_pools, serial_bayou_ford_a,
          nrook_campfire
D:6:      layout_cave_pools, jmf_multi_god_temple, kennysheep_generic_room_13,
          uniq_jeremiah, uniq_edmund
D:7:      layout_gridville, minmay_circle_x, uniq_joseph
Temple:   jpeg_temple_clearing

Skill      XL: |  1  2  3  4  5  6  7  8  9 |
---------------+----------------------------+-----
Short Blades   | 1 2 3 4 |  4.7
Axes           | 1 2 3 4 |  4.5
Maces & Flails | 1 2 3 4 |  4.5
Polearms       | 1 2 3 4 |  4.5
Staves         | 1 2 3 4 |  4.5
Ranged Weapons | 1 2 3 4 |  4.5
Throwing       | 1 2 3 4 |  4.5
Armour         | 1 2 3 4 |  4.5
Dodging        | 3 4 5 |  5.3
Stealth        | 1 2 3 4 |  4.5
Shields        | 3 4 5 |  5.3
Unarmed Combat | 1 2 3 4 |  4.5
Spellcasting   | 3 4 5 |  5.4
Conjurations   | 1 2 3 |  3.8
Hexes          | 4 5 |  5.4
Summonings     | 1 2 3 |  3.8
Necromancy     | 1 2 3 |  3.8
Translocations | 1 2 3 |  3.8
Fire Magic     | 1 2 3 |  3.8
Ice Magic      | 1 2 3 |  3.8
Air Magic      | 1 2 3 |  3.8
Earth Magic    | 1 2 3 |  3.8
Alchemy        | 1 2 3 |  3.8
Invocations    | 1 2 3 4 5 |  5.0
Evocations     | 1 2 3 4 |  4.5
Shapeshifting  | 1 2 3 4 |  4.1
Fighting       | 5 6 |  6.5
Long Blades    | 7 8 |  8.1

Action                     |  1- 3 |  4- 6 |  7- 9 || total
---------------------------+-------+-------+-------++-------
  Melee: Falchion          |    63 |   353 |   388 ||   804
         Bite              |     7 |    23 |    42 ||    72
         Trident           |       |       |    17 ||    17
         Unarmed           |       |       |    16 ||    16
 Invoke: Heroism           |       |       |     1 ||     1
  Evoke: Wand              |     3 |       |    10 ||    13
    Use: Potion            |       |     1 |     2 ||     3
         Scroll            |       |       |    16 ||    16
   Stab: Sleeping          |     1 |       |     5 ||     6
 Armour: Ring mail         |    32 |   222 |   236 ||   490
         Robe              |     2 |       |       ||     2
         Leather armour    |       |       |    11 ||    11
         Skin              |       |       |     6 ||     6
  Dodge: Dodged            |    28 |   192 |   175 ||   395
  Block: Buckler           |     8 |    95 |    66 ||   169

Table legend: (Time is in decaauts)
 A = Elapsed time spent in this place.
 B = Non-inter-level travel time spent in this place.
 C = Inter-level travel time spent in this place.
 D = Time resting spent in this place.
 E = Time spent auto-exploring this place.
 F = Levels seen in this place.
 G = Mean time per level.
                   A        B        C        D        E       F      G
               +--------+--------+--------+--------+--------+-----+--------+
         Total |   7290 |   7138 |    152 |      0 |   4908 |   9 |  810.0 |
       Dungeon |   5981 |   5847 |    134 |      0 |   4196 |   7 |  854.4 |
        Temple |     22 |      4 |     18 |      0 |      0 |   1 |   22.0 |
         Sewer |   1286 |   1286 |      0 |      0 |    712 |   1 | 1286.0 |
               +--------+--------+--------+--------+--------+-----+--------+

Top non-repeatable levels by time:
   Sewer: 1286 daAuts
     D:5: 1176 daAuts
     D:4: 1103 daAuts
     D:6: 1094 daAuts
     D:3: 852 daAuts
     D:2: 851 daAuts
     D:1: 703 daAuts
     D:7: 200 daAuts
  Temple: 22 daAuts
